 Dungeon Crawl Stone Soup version 0.30-a0-1-g69b7b797bf (webtiles) character file.

Game seed: 1816427282941683811

104 Kinoniko the Trooper (level 4, -7/75 HPs)
             Began as an Ogre Berserker on Aug 19, 2022.
             Was a Believer of Trog.
             Mangled by a gnoll sergeant
             ... wielding a +0 spear
              (9 damage)
             ... on level 3 of the Dungeon.
             The game lasted 00:01:23 (2261 turns).

Kinoniko the Trooper (Ogre Berserker)               Turns: 2261, Time: 00:01:24

Health: -7/75      AC:  3    Str: 23    XL:     4   Next: 80%
Magic:  4/4        EV: 10    Int:  8    God:    Trog [**....]
Gold:   110        SH:  0    Dex:  8    Spells: 3/3 levels left

rFire   . . .      SeeInvis .    a - +0 hand axe
rCold   . . .      Faith    .    (no shield)
rNeg    . . .      Spirit   .    b - +0 animal skin
rPois   .          Reflect  .    (helmet restricted)
rElec   .          Harm     .    (no cloak)
rCorr   .          Rampage  .    (gloves unavailable)
Will    .....                    (boots unavailable)
Stlth   ..........               (no amulet)
HPRegen 0.22/turn                (no ring)
MPRegen 0.09/turn                (no ring)

@: berserking (expiring), very quick
A: large, unfitting armour, tough skin 1
a: Renounce Religion, Berserk, Trog's Hand


You were on level 3 of the Dungeon.
You worshipped Trog.
Trog was pleased with you.
You visited 1 branch of the dungeon, and saw 3 of its levels.

You collected 110 gold pieces.

Inventory:

Hand Weapons
 a - a +0 hand axe (weapon)
Armour
 b - a +0 animal skin (worn)
Jewellery
 m - a +4 ring of evasion
Scrolls
 d - a scroll of teleportation {unknown}
 f - a scroll of immolation {unknown}
 g - 2 scrolls of identify {unknown}
 h - a scroll of poison {unknown}
 k - 2 scrolls of magic mapping {unknown}
 l - a scroll of amnesia {unknown}
Potions
 c - 4 potions of curing {unknown}
 e - 2 potions of heal wounds {unknown}
 i - a potion of brilliance {unknown}
 j - a potion of magic {unknown}
 n - a potion of haste {unknown}


   Skills:
 + Level 5.1 Fighting
 * Level 4.7 Axes
 - Level 2.6 Dodging


You had 3 spell levels left.
You didn't know any spells.
Your spell library was empty.

Dungeon Overview and Level Annotations

Branches:
Dungeon (3/15)

Altars:


Innate Abilities, Weirdness & Mutations

You are too large for most types of armour.
You have tough skin. (AC +1)


Message History

The gnoll is almost dead.
The gnoll closely misses you.
The gnoll hits you from afar with a +0 spear.
The gnoll sergeant hits you from afar with a +0 spear.
You slash the gnoll!
You kill the gnoll!
Trog accepts your kill.
You barely miss the gnoll. The gnoll hits you but does no damage.
The gnoll hits you with a +0 club.
The gnoll sergeant hits you from afar with a +0 spear!
Unknown command.
You slash the gnoll!
The gnoll is severely wounded.
The gnoll closely misses you.
The gnoll hits you from afar with a +0 spear.
The gnoll hits you with a +0 club.
The gnoll sergeant hits you from afar with a +0 spear.
Unknown command.
You are too injured to fight recklessly!
Unknown command.
You are too injured to fight recklessly!
You are too injured to fight recklessly!
The gnoll hits you from afar with a +0 halberd!
* * * LOW HITPOINT WARNING * * *
The gnoll barely misses you. x2
The gnoll sergeant hits you with a +0 spear!
* * * LOW HITPOINT WARNING * * *
You slash the gnoll!
The gnoll is severely wounded.
You barely miss the gnoll sergeant. You slash the gnoll!
You kill the gnoll!
Trog accepts your kill.
You slash the gnoll!
You kill the gnoll!
Trog accepts your kill.
You slash the gnoll sergeant!
The gnoll hits you from afar with a +0 halberd!
* * * LOW HITPOINT WARNING * * *
The gnoll sergeant hits you with a +0 spear!
You die...

...####..
....... ~
......#.
.......
#....#
#g...+
#ggg.#
#@)..# #
#.)..#
#.#.####
#.<<#
#..## #..
##. .. ..


You could see a gnoll sergeant, 2 gnolls and a hobgoblin.

Vanquished Creatures
  Robin (D:2)
  3 gnolls (D:3)
  An adder (D:2)
  A worm (D:2)
  A dart slug (D:2)
  3 ball pythons
  6 bats
  3 endoplasms (D:1)
  3 giant cockroaches
  14 goblins
  7 hobgoblins
  3 kobolds
  3 quokkas
  4 frilled lizards
  3 rats
56 creatures vanquished.

Notes
Turn   | Place    | Note
-------+----------+-------------------------------------------
     0 | D:1      | Kinoniko the Ogre Berserker began the quest for the Orb.
     0 | D:1      | Reached XP level 1. HP: 24/24 MP: 1/1
    93 | D:1      | Reached XP level 2. HP: 24/32 MP: 2/2
   797 | D:1      | Reached XP level 3. HP: 40/40 MP: 3/3
   901 | D:1      | Reached ** piety under Trog
  1185 | D:2      | Noticed Robin
  1200 | D:2      | Killed Robin
  1201 | D:2      | Reached XP level 4. HP: 24/49 MP: 4/4
  1515 | D:2      | Reached skill level 5 in Fighting
  1861 | D:2      | Found a faded altar of an unknown god.
  2248 | D:3      | Noticed a gnoll sergeant
  2261 | D:3      | HP: 2/75 [gnoll/+0 halberd[a gnoll sergeant] (11)]
  2261 | D:3      | Mangled by a gnoll sergeant

Illustrated notes

Levels and vault maps discovered:
D:1:      eino_arrival_tree_alley, layout_basic, item_on_display_a
D:2:      layout_basic, dreamdust_ecumenical_altar_statues, feat_on_display,
          uniq_robin
D:3:      layout_basic, serial_rivers, chequers_serial_rivers_small_b,
          chequers_serial_rivers_large_a, chequers_serial_rivers_micro_b,
          chequers_serial_rivers_room_a, kennysheep_generic_room_11

Skill      XL: |  1  2  3  4 |
---------------+-------------+-----
Axes           | 4 |  4.7
Fighting       | 5 |  5.1
Dodging        | |  2.6

Action                   |  1- 3 |  4- 6 || total
-------------------------+-------+-------++-------
Melee: Hand axe          |   113 |    60 ||   173
Invok: Berserk           |     1 |     1 ||     2
 Stab: Sleeping          |       |     1 ||     1
Armor: Animal skin       |    36 |    15 ||    51
Dodge: Dodged            |    75 |    31 ||   106

Table legend: (Time is in decaauts)
 A = Elapsed time spent in this place.
 B = Non-inter-level travel time spent in this place.
 C = Inter-level travel time spent in this place.
 D = Time resting spent in this place.
 E = Time spent auto-exploring this place.
 F = Levels seen in this place.
 G = Mean time per level.
                   A        B        C        D        E       F      G
               +--------+--------+--------+--------+--------+-----+--------+
         Total |   2282 |   2207 |     75 |    202 |   1678 |   3 |  760.7 |
       Dungeon |   2282 |   2207 |     75 |    202 |   1678 |   3 |  760.7 |
               +--------+--------+--------+--------+--------+-----+--------+

Top non-repeatable levels by time:
     D:2: 1164 daAuts
     D:1: 1107 daAuts
     D:3: 10 daAuts
